 Dungeon Crawl Stone Soup version 0.32-a0-338-g4f8ebfe289 (webtiles) character file.

Game seed: 17998469236428780890

20974 Bnni the Severer (level 12, -4/110 HPs)
             Began as a Mountain Dwarf Fighter on Feb 16, 2024.
             Was a Priest of Beogh.
             Slain by a skeletal warrior
             ... wielding a +0 flail
              (26 damage)
             ... on level 12 of the Dungeon on Feb 17, 2024.
             The game lasted 00:32:37 (11047 turns).

Bnni the Severer (Mountain Dwarf Fighter)          Turns: 11047, Time: 00:32:38

Health: -4/110     AC: 13    Str: 23    XL:     12   Next: 50%
Magic:  22/22      EV:  9    Int: 10    God:    Beogh [***...]
Gold:   906        SH:  4    Dex:  9    Spells: 11/11 levels left

rFire   + . .        P - +1 broad axe (flame)
rCold   . . .        c - +0 buckler
rNeg    . . .        F - +1 scale mail {rF+}
rPois   .            (no helmet)
rElec   .            O - +2 cloak
rCorr   +            (no gloves)
SInv    .            K - +0 pair of boots
Will    ++...        W - amulet of faith Stlth
                     y - ring of resist corrosion
HPRegen 0.38/turn    a - ring of willpower
MPRegen 0.18/turn

%: faith
@: marked
A: runic magic, artefact enchanting
a: Renounce Religion, Smiting, Recall Apostles, Dismiss Learuk, wizard, Dismiss
Thorok, priest


You were on level 12 of the Dungeon.
You worshipped Beogh.
Beogh was most pleased with you.
You visited 2 branches of the dungeon, and saw 13 of its levels.
You also visited: Sewer and Bailey.

You collected 906 gold pieces.

Inventory:

Hand Weapons
 b - a +0 spear of venom
 A - the +4 hand axe "Huthruuhir" {drain, rPois}
   (You found it on level 3 of the Dungeon)

   rPois:     It protects you from poison
 P - a +1 broad axe of flaming (weapon)
Missiles
 j - 33 poisoned darts (quivered)
 L - 2 throwing nets
 M - 19 darts of dispersal
 Q - a curare-tipped dart
Armour
 c - a +0 buckler (worn)
 F - a +1 scale mail of fire resistance (worn)
 K - a +0 pair of boots (worn)
 O - a +2 cloak (worn)
Jewellery
 a - a ring of willpower (right hand)
 y - a ring of resist corrosion (left hand)
 T - a ring of flight
 V - a ring of protection from cold
 W - an amulet of faith (around neck)
Wands
 p - a wand of quicksilver (11)
 C - a wand of mindburst (5)
 D - a wand of iceblast (13)
 H - a wand of charming (8)
 J - a wand of flame (32)
Scrolls
 h - 2 scrolls of teleportation
 i - 2 scrolls of fog {unknown}
 k - a scroll of torment {unknown}
 m - a scroll of blinking {unknown}
 n - a scroll of poison {unknown}
 o - 5 scrolls of enchant weapon {unknown}
 t - 5 scrolls of fear
 u - a scroll of brand weapon {unknown}
 z - a scroll of immolation {unknown}
 B - a scroll of summoning {unknown}
 G - 2 scrolls of acquirement {unknown}
 I - 4 scrolls of revelation {unknown}
 N - a scroll of silence {unknown}
 R - 3 scrolls of enchant armour {unknown}
 U - 2 scrolls of vulnerability
Potions
 d - a potion of might
 e - 6 potions of haste
 f - 8 potions of curing
 g - 4 potions of magic
 l - 4 potions of mutation
 q - 4 potions of cancellation
 r - 4 potions of heal wounds
 s - 2 potions of enlightenment
 v - 8 potions of invisibility {unknown}
 w - 6 potions of brilliance {unknown}
 x - a potion of lignification {unknown}
 S - a potion of berserk rage {unknown}


   Skills:
 + Level 11.1 Fighting
 - Level 18.0 Axes
 + Level 7.6 Armour
 - Level 3.2 Shields
 + Level 13.5 Invocations


You had 11 spell levels left.
You didn't know any spells.
Your spell library contained the following spells:

 Spells                   Type           Power      Damage    Failure   Level
 Apportation              Tloc           0%         N/A       50%         1
 Freeze                   Ice            0%         1d3       50%         1
 Necrotise                Necr           0%         1d4       50%         1
 Sting                    Conj/Alch      0%         1d3       50%         1
 Summon Small Mammal      Summ           0%         N/A       50%         1
 Jinxbite                 Hex            0%         N/A       63%         2
 Frozen Ramparts          Ice            0%         1d1       86%         3
 Fugue of the Fallen      Necr           0%         N/A       86%         3
 Hailstorm                Conj/Ice       0%         3d5       86%         3
 Inner Flame              Hex/Fire       0%         N/A       86%         3
 Ozocubu's Armour         Ice            0%         N/A       86%         3
 Volatile Blastmotes      Fire/Tloc      0%         2d10      86%         3
 Fulminant Prism          Conj/Alch      0%         3d5       99%         4
 Iskenderun's Mystic Bla  Conj/Tloc      0%         2d3       99%         4
 Manifold Assault         Tloc           0%         N/A       99%         4
 Summon Blazeheart Golem  Fire/Summ      0%         N/A       99%         4
 Alistair's Intoxication  Alch           0%         N/A       100%        5
 Irradiate                Conj/Alch      0%         3d11      100%        5
 Orb of Destruction       Conj           0%         9d5       100%        7
 Spellforged Servitor     Conj/Summ      0%         N/A       100%        7
 Ignition                 Fire           0%         3d3       100%        8


Dungeon Overview and Level Annotations

Branches:
Dungeon (12/15)            Temple (1/1) D:6            Lair (0/5) D:8
    Orc (0/2) D:9           Sewer (visited)          Bailey (visited)

Altars:
Ashenzari
Cheibriados
Dithmenos
Elyvilon
Fedhas
Gozag
Hepliaklqana
Kikubaaqudgha
Makhleb
Nemelex Xobeh
Okawaru
Qazlal
Ru
Sif Muna
Trog
Uskayaw
Vehumet
Wu Jian
Xom
Yredelemnul
Zin
The Shining One

Shops:
D:2 =   D:6 [


Innate Abilities, Weirdness & Mutations

Your facial features look somewhat orcish.
Your spellcasting is much less encumbered by armour.
You can use scrolls of enchantment on lesser artefacts.


Message History

The skeletal warrior is severely damaged.
You barely miss the skeletal warrior. You slash the skeletal warrior!
You burn the skeletal warrior.
Thorok hits the skeletal warrior with a +4 vampiric morningstar.
Learuk hits the skeletal warrior with a +5 dagger of speed.
Unknown command.
Unknown command.
You hit the skeletal warrior but do no damage.
The skeletal warrior is heavily damaged.
You closely miss the skeletal warrior. x2
The skeletal warrior hits you with a +0 halberd!
The skeletal warrior hits you with a +0 flail.
Learuk mumbles some strange words.
Learuk conjures some foxfire!
The skeletal warrior hits you with a +0 hand axe.
Thorok barely misses the skeletal warrior.
Unknown command.
You closely miss the skeletal warrior.
The skeletal warrior is heavily damaged.
You hit the skeletal warrior but do no damage. x2
The foxfire hits the skeletal warrior but does no damage.
The skeletal warrior is severely damaged.
The foxfire hits the skeletal warrior but does no damage.
The skeletal warrior is moderately damaged.
You block the skeletal warrior's attack.
Learuk hits the skeletal warrior with a +5 dagger of speed.
The skeletal warrior hits you with a +0 flail.
The skeletal warrior hits you with a +0 hand axe!
* * * LOW HITPOINT WARNING * * *
Thorok hits the skeletal warrior with a +4 vampiric morningstar.
Unknown command.
You barely miss the skeletal warrior.
The skeletal warrior is almost destroyed.
You hit the skeletal warrior but do no damage. x2
Learuk gestures wildly while chanting.
Learuk conjures some foxfire!
The skeletal warrior hits you with a +0 halberd.
* * * LOW HITPOINT WARNING * * *
The skeletal warrior hits you with a +0 flail!!
You die...

........#.#.......<.
#......##...##.#......
#.........#...##.#....
#..#.....###o....##...
#.###.....#......#...
##....................
#...§vv...#......##...
###...oo§...#......###..
......z@....###...####.#
....#.zz....# #........#
#...........###........#
#..#.###....#...........
#. ## #.......(........
. ###..............
..........[..[.
...............
..###..........


You could see 3 skeletal warriors, the friendly Learuk the orc apostle (strong)
and the friendly Thorok the orc apostle.

Vanquished Creatures
  A two-headed ogre (D:10)
  2 boulder beetles
  A skeletal warrior (D:10)
  A manticore (D:11)
  3 cyclopes
  Maggie (D:9)
  2 komodo dragons
  3 trolls
  2 wraiths (D:10)
  3 shadows
  2 wyverns
  A steam dragon (D:6)
  10 yaks
  2 vampire mosquitoes (D:11)
  An acid dragon (D:9)
  2 water moccasins
  3 black bears
  4 orc warriors
  4 centaurs
  6 kobold brigands
  5 bullfrogs
  3 scorpions
  6 wights (D:7)
  14 killer bees
  4 howler monkeys
  2 electric eels (D:7)
  5 hounds
  4 bombardier beetles
  5 jellies
  A gnoll bouda (D:10)
  2 orc priests
  A sleepcap (D:6)
  An iguana (D:5)
  3 orc wizards
  A hell rat (Sewer)
  15 gnolls
  13 adders
  6 river rats
  A shadow imp (D:6)
  A white imp (D:6)
  2 ufetubi (D:5)
  3 ribbon worms
  11 dart slugs
  36 orcs
  8 ball pythons
  7 bats
  9 endoplasms
  2 giant cockroaches
  5 hobgoblins
  6 jackals (D:1)
  21 kobolds
  3 quokkas
  2 frilled lizards
  14 goblins
  11 rats
287 creatures vanquished.

Vanquished Creatures (collateral kills)
  A skeletal warrior (D:12)
  A deep elf pyromancer (D:12)
  A troll (D:12)
  2 shadows (D:11)
  A killer bee (D:10)
  2 howler monkeys (D:11)
8 creatures vanquished.

Vanquished Creatures (others)
  2 orcs
  67 foxfires
69 creatures vanquished.

Grand Total: 364 creatures vanquished

Notes
Turn   | Place    | Note
-------+----------+-------------------------------------------
     0 | D:1      | Bnni the Mountain Dwarf Fighter began the quest for the
                  | Orb.
     0 | D:1      | Reached XP level 1. HP: 19/19 MP: 1/1
    62 | D:1      | Reached skill level 3 in Axes
    81 | D:1      | Reached XP level 2. HP: 24/26 MP: 2/2
   149 | D:1      | Reached XP level 3. HP: 33/33 MP: 3/3
   246 | D:1      | Reached skill level 4 in Axes
   521 | D:2      | Reached XP level 4. HP: 39/40 MP: 4/4
   559 | D:2      | Reached skill level 5 in Axes
   636 | D:2      | Found Huoqioczikk's Jewellery Boutique.
  1016 | D:2      | Reached XP level 5. HP: 46/47 MP: 5/5
  1275 | D:3      | Found a glowing drain.
  1284 | Sewer    | Entered a sewer
  1296 | Sewer    | Reached skill level 6 in Axes
  1441 | Sewer    | Reached skill level 5 in Fighting
  1543 | D:3      | Reached XP level 6. HP: 56/56 MP: 6/6
  2315 | D:3      | Identified the +4 hand axe "Huthruuhir" {drain, rPois}
  2749 | D:4      | Reached skill level 7 in Axes
  2837 | D:4      | Found a burning altar of Makhleb.
  2953 | D:4      | Found a basalt altar of Yredelemnul.
  3291 | D:5      | Entered Level 5 of the Dungeon
  3303 | D:5      | Reached XP level 7. HP: 51/62 MP: 7/7
  3416 | D:5      | Reached skill level 8 in Axes
  3862 | D:5      | Reached skill level 9 in Axes
  3898 | D:5      | Found a sparkling altar of Nemelex Xobeh.
  3920 | D:5      | Found a glowing silver altar of Zin.
  4073 | D:5      | Reached XP level 8. HP: 33/71 MP: 8/8
  4293 | D:6      | Reached skill level 10 in Axes
  4326 | D:6      | Found a staircase to the Ecumenical Temple.
  4344 | Temple   | Entered the Ecumenical Temple
  4425 | D:6      | Became a worshipper of Beogh the Shepherd
  4702 | D:6      | Found an iron altar of Okawaru.
  4832 | D:6      | Found Depass's Antique Armour Shoppe.
  5034 | D:7      | Reached skill level 11 in Axes
  5082 | D:7      | Found a flagged portal.
  5136 | Bailey   | Entered a bailey
  5271 | Bailey   | Reached skill level 17 in Axes
  5271 | Bailey   | Reached XP level 9. HP: 81/81 MP: 9/9
  5389 | Bailey   | Reached * piety under Beogh
  5836 | D:7      | Reached XP level 10. HP: 64/87 MP: 10/10
  6096 | D:7      | Reached ** piety under Beogh
  6179 | D:7      | Found a radiant altar of Vehumet.
  6193 | D:7      | Found a glowing golden altar of the Shining One.
  6435 | D:8      | Reached XP level 11. HP: 84/95 MP: 10/19
  6773 | D:8      | Found a blossoming altar of Fedhas.
  6895 | D:8      | Found a staircase to the Lair.
  7030 | D:8      | Found a hazy altar of Hepliaklqana.
  7275 | D:9      | Reached skill level 18 in Axes
  7282 | D:9      | Reached *** piety under Beogh
  7325 | D:9      | Noticed Maggie
  7328 | D:9      | Noticed Learuk
  7342 | D:9      | Anointed Learuk the wizard as your apostle
  7345 | D:9      | Killed Maggie
  7617 | D:9      | Found a staircase to the Orcish Mines.
  7896 | D:10     | Entered Level 10 of the Dungeon
  8513 | D:10     | Noticed a two-headed ogre
  8520 | D:10     | Killed a two-headed ogre
  8521 | D:10     | Reached skill level 5 in Armour
  8524 | D:10     | Noticed a skeletal warrior
  8542 | D:10     | Killed a skeletal warrior
  9336 | D:11     | Noticed a boulder beetle
  9344 | D:11     | Killed a boulder beetle
  9345 | D:11     | Reached skill level 10 in Fighting
  9345 | D:11     | Reached XP level 12. HP: 84/106 MP: 21/21
  9828 | D:11     | Anointed Thorok the priest as your apostle
 10301 | D:11     | Identified the +3 hand axe of Yjyudo {venom, rC+}
 10796 | D:12     | Noticed a boulder beetle
 10817 | D:12     | Killed a boulder beetle
 11041 | D:12     | HP: 5/110 [skeletal warrior/+0 hand axe (17)]
 11047 | D:12     | Slain by a skeletal warrior

Illustrated notes

Levels and vault maps discovered:
D:1:      saegor_arrival_simple_b, layout_rooms, minmay_heptomino_h4
D:2:      layout_rooms, serial_shops, shop, grunt_ministairs_6,
          kennysheep_generic_room_4
D:3:      layout_loops_corners, lightli_sewer_entry_pipes
D:4:      layout_loops_corners, pf_just_have_faith, yredelemnul_altar_generic
D:5:      layout_basic, mainiacjoe_overflow_cross_hatched,
          nicolae_overflow_crystal_walls, serial_library_hellmonk_h_bend
D:6:      layout_cave_pools, okawaru_metal_pillars_1_2,
          minmay_temple_entry_metal_lava, serial_shops, shop
D:7:      kennysheep_slugbush, layout_rooms, mainiacjoe_overflow_chevrons,
          mainiacjoe_overflow_alcove_1, lightli_bailey_entry_fortress,
          grunt_ministairs_14
D:8:      layout_cave_pools, nzn_hepliaklqana_mist_gate, kennysheep_mini_moat,
          david_lair_generic, minmay_unpleasant_kobolds
D:9:      layout_cave_pools, orc_0_dummy, serial_column_ruins, column_ruins_hut,
          column_ruins_open_medium, column_ruins_columns_corner,
          column_ruins_open_tiny, column_ruins_corridor_T, column_ruins_grid_1,
          column_ruins_grid_1, chequers_serial_rivers_room_b,
          kennysheep_small_circle, uniq_maggie
D:10:     layout_basic, minmay_diced_spiral
D:11:     kennysheep_six_static_rooms, layout_gridville
D:12:     layout_cave_pools
Temple:   nicolae_temple_god_jail

Skill      XL: |  1  2  3  4  5  6  7  8  9 10 11 12 |
---------------+-------------------------------------+-----
Axes           | 3 4 5 6 7 9 17 18 | 18.0
Fighting       | 4 5 6 8 10 11 | 11.1
Invocations    | 11 12 13 | 13.5
Armour         | 5 7 |  7.6
Shields        | |  3.2

Action                     |  1- 3 |  4- 6 |  7- 9 | 10-12 || total
---------------------------+-------+-------+-------+-------++-------
  Melee: War axe           |    88 |   153 |       |       ||   241
         Hand axe          |       |    54 |   256 |    52 ||   362
         Battleaxe         |       |       |       |    93 ||    93
         Broad axe         |       |       |       |   180 ||   180
  Throw: Dart              |       |       |     3 |    14 ||    17
         Throwing net      |       |       |       |     3 ||     3
 Invoke: Convert to Beogh  |       |       |     1 |       ||     1
         Smiting           |       |       |       |     2 ||     2
         Recruit Apostle   |       |       |       |     2 ||     2
         Recall Apostles   |       |       |       |     1 ||     1
  Evoke: Wand              |       |     1 |       |     1 ||     2
    Use: Potion            |       |       |     1 |     4 ||     5
         Scroll            |       |       |     1 |     9 ||    10
   Stab: Held in net/web   |       |       |       |     1 ||     1
 Armour: Scale mail        |    58 |   126 |   166 |   209 ||   559
  Dodge: Dodged            |    52 |    91 |   127 |   168 ||   438
  Block: Buckler           |    24 |    41 |    49 |    26 ||   140

Table legend: (Time is in decaauts)
 A = Elapsed time spent in this place.
 B = Non-inter-level travel time spent in this place.
 C = Inter-level travel time spent in this place.
 D = Time resting spent in this place.
 E = Time spent auto-exploring this place.
 F = Levels seen in this place.
 G = Mean time per level.
                   A        B        C        D        E       F      G
               +--------+--------+--------+--------+--------+-----+--------+
         Total |  11044 |  10780 |    264 |   1322 |   7159 |  15 |  736.3 |
       Dungeon |  10352 |  10088 |    264 |   1013 |   7073 |  12 |  862.7 |
        Temple |      1 |      1 |      0 |      0 |      0 |   1 |    1.0 |
         Sewer |    232 |    232 |      0 |    115 |     40 |   1 |  232.0 |
        Bailey |    458 |    458 |      0 |    194 |     45 |   1 |  458.0 |
               +--------+--------+--------+--------+--------+-----+--------+

Top non-repeatable levels by time:
    D:11: 1352 daAuts
    D:10: 1330 daAuts
     D:3: 1188 daAuts
     D:5: 961 daAuts
     D:4: 891 daAuts
     D:6: 842 daAuts
     D:8: 793 daAuts
     D:9: 777 daAuts
     D:7: 773 daAuts
     D:2: 619 daAuts
     D:1: 472 daAuts
  Bailey: 458 daAuts
    D:12: 350 daAuts
   Sewer: 232 daAuts
  Temple: 1 daAuts
